 Dungeon Crawl Stone Soup version 0.29-a0-613-gf2c431b9b9 (webtiles) character file.

Game seed: 479593133362658489

151 dolemite99 the Slasher (level 5, 0/38 HPs)
             Began as a Djinni Gladiator on June 17, 2022.
             Was a Believer of Lugonu.
             Slain by an orc
             ... wielding a +0 dagger
              (3 damage)
             ... on level 2 of the Dungeon.
             The game lasted 00:02:13 (2764 turns).

dolemite99 the Slasher (Djinni Gladiator)           Turns: 2764, Time: 00:02:13

Health: 0/38       AC:  6    Str: 15    XL:     5   Next: 59%
Gold:   126        EV: 11    Int:  9    God:    Lugonu [**....] SH:  0 Dex: 15

rFire   + + .      SeeInvis .   a - +0 long sword
rCold   x . .      Faith    .   (no shield)
rNeg    . . .      Spirit   .   i - +0 ring mail
rPois   ∞          Reflect  .   c - +0 helmet
rElec   .          Harm     .   (no cloak)
rCorr   .          Rampage  .   (no gloves)
Will    .....                   (boots unavailable)
Stlth   +.........              (no amulet)
HPRegen 0.12/turn               (no ring)
MPRegen 0.00/turn               (no ring)

@: brilliant, attractive, flying
A: sickness immunity, fire resistance 2, cold vulnerability 1, float, innate
caster, HP casting, extra vitality 1
a: Renounce Religion, Depart the Abyss, Bend Space


You were on level 2 of the Dungeon.
You worshipped Lugonu.
Lugonu was pleased with you.
You visited 1 branch of the dungeon, and saw 3 of its levels.

You collected 126 gold pieces.

Inventory:

Hand Weapons
 a - a +0 long sword (weapon)
 k - a +0 hunting sling
 u - a +0 war axe
Missiles
 d - 3 throwing nets (quivered)
 e - a javelin
 h - 75 stones
 p - 9 poisoned darts
Armour
 b - a +0 leather armour
 c - a +0 helmet (worn)
 i - a +0 ring mail (worn)
Jewellery
 j - an amulet of regeneration
 l - a ring of protection from cold
Wands
 r - a wand of flame (18)
Scrolls
 f - a scroll of immolation
 m - a scroll of amnesia {unknown}
 n - a scroll of magic mapping
 q - 2 scrolls of fear {unknown}
 t - a scroll of teleportation {unknown}
 v - a scroll of vulnerability {unknown}
 w - a scroll of summoning {unknown}
 x - a scroll of acquirement {unknown}
Potions
 o - a potion of mutation {unknown}
 s - a potion of curing {unknown}
 z - a potion of brilliance


   Skills:
 - Level 2.0 Fighting
 + Level 5.3 Long Blades
 - Level 1.5 Throwing
 - Level 3.2 Dodging


You had one spell level left.
You knew the following spells:

 Your Spells              Type           Power      Damage    Failure   Level
a - Sting                 Tmut/Pois      0%         1d3       63%         1
b - Passwall              Tmut/Erth      0%         N/A       77%         2
Your spell library was empty.

Dungeon Overview and Level Annotations

Branches:
Dungeon (3/15)

Altars:
Xom
Lugonu


Innate Abilities, Weirdness & Mutations

You are immune to sickness and miasma.
You are immune to poison.
Your flesh is very heat resistant. (rF++)
You are vulnerable to cold. (rC-)
You float through the air rather than walking.
You learn spells naturally, not from books.
Your magical power is your life essence.
You have superior vitality. (+4 MHP)


Message History

The orc hits you but does no damage.
The orc hits you with a +1 vorpal hand axe.
The orc barely misses you.
There is a stone staircase leading up here.
The orc hits you but does no damage. The orc barely misses you.
The orc priest hits you with a +0 short sword.
You fly upwards.
There is a stone staircase leading down here.
You hit the orc priest.
The orc priest is moderately wounded.
The orc priest barely misses you. The orc hits you but does no damage.
The orc hits you with a +1 vorpal hand axe.
You slash the orc priest!
The orc priest is almost dead.
The orc priest hits you with a +0 short sword.
The orc hits you but does no damage. x2
You closely miss the orc priest.
The orc priest is almost dead.
The orc priest mumbles some strange prayers to Beogh against you.
Beogh smites you!
* * * LOW HITPOINT WARNING * * *
The orc closely misses you. The orc hits you but does no damage.
You hit the orc priest.
You kill the orc priest!
Lugonu accepts your kill. The orc hits you but does no damage.
The orc hits you with a +1 vorpal hand axe.
* * * LOW HITPOINT WARNING * * *
x2 The orc closely misses you.
The orc hits you but does no damage. The orc hits you but does no damage.
The orc misses you.
Things that are here:
a +0 short sword; an orc corpse The orc attacks as you move away!
The orc hits you but does no damage.
It was a potion of brilliance.
You feel clever all of a sudden. The orc closely misses you.
It was a potion of attraction.
You feel attractive to monsters. The orc hits you with a +0 dagger.
You die...

#######...########.# ...........#
#.# ......)....# #.##############
...........# #...............
...........#######...............
.................##..............
...........#####.##..............
...........# #.##..............
...........# #@##..............
############ #o##..............
################o##..............
................>.#.#############
#################.#.# #....#
#...# #....# ##..###########
#....# #..##........# #....#
#...#........#


You could see 2 orcs.

Vanquished Creatures
  An orc priest (D:2)
  Jessica (D:2)
  4 adders (D:2)
  2 worms (D:2)
  2 dart slugs
  8 ball pythons
  5 bats
  3 endoplasms (D:1)
  4 giant cockroaches
  3 goblins (D:1)
  3 hobgoblins (D:2)
  4 jackals (D:1)
  6 frilled lizards
  2 kobolds (D:1)
  5 rats
53 creatures vanquished.

Notes
Turn   | Place    | Note
-------+----------+-------------------------------------------
     0 | D:1      | dolemite99 the Djinni Gladiator began the quest for the
                  | Orb.
     0 | D:1      | Reached XP level 1. HP: 18/18 MP: 0/0
   304 | D:1      | Reached skill level 3 in Long Blades
   312 | D:1      | Reached XP level 2. HP: 23/23 MP: 0/0
   799 | D:1      | Reached XP level 3. HP: 28/28 MP: 0/0
   799 | D:1      | Learned a level 1 spell: Sting
   956 | D:1      | Found a faded altar of an unknown god.
   961 | D:1      | Prayed at the altar of an unknown god.
   961 | D:1      | Became a worshipper of Lugonu the Unformed
   961 | D:1      | Reached * piety under Lugonu
   961 | D:1      | Reached ** piety under Lugonu
  1367 | D:2      | Reached skill level 4 in Long Blades
  1453 | D:2      | Reached XP level 4. HP: 33/33 MP: 0/0
  1879 | D:2      | Found a shimmering altar of Xom.
  2076 | D:2      | Noticed Jessica
  2087 | D:2      | Killed Jessica
  2088 | D:2      | Reached skill level 5 in Long Blades
  2088 | D:2      | Reached XP level 5. HP: 26/38 MP: 0/0
  2088 | D:2      | Learned a level 2 spell: Passwall
  2764 | D:2      | Slain by an orc

Illustrated notes

Levels and vault maps discovered:
D:1:      ebering_hopf_link, layout_loops_ring, ebering_ecumenical_altar_hall
D:2:      layout_basic, basic_altar, minmay_quadrilaterals, uniq_jessica
D:3:      layout_basic, hex_intersection, st_stairs_4,
          minmay_misc_feat_diagonals

Skill      XL: |  1  2  3  4 |
---------------+-------------+-----
Long Blades    | 3 4 5 |  5.3
Fighting       | |  2.0
Throwing       | |  1.5
Dodging        | |  3.2

Action                   |  1- 3 |  4- 6 || total
-------------------------+-------+-------++-------
Melee: Long sword        |    85 |    64 ||   149
       Punch             |     1 |     1 ||     2
  Use: Scroll            |       |     2 ||     2
       Potion            |       |     2 ||     2
Armor: Leather armour    |     7 |       ||     7
       Ring mail         |    42 |    34 ||    76
Dodge: Dodged            |    72 |    48 ||   120

Table legend: (Time is in decaauts)
 A = Elapsed time spent in this place.
 B = Non-inter-level travel time spent in this place.
 C = Inter-level travel time spent in this place.
 D = Time resting spent in this place.
 E = Time spent auto-exploring this place.
 F = Levels seen in this place.
 G = Mean time per level.
                   A        B        C        D        E       F      G
               +--------+--------+--------+--------+--------+-----+--------+
         Total |   2794 |   2709 |     85 |    832 |   1344 |   3 |  931.3 |
       Dungeon |   2794 |   2709 |     85 |    832 |   1344 |   3 |  931.3 |
               +--------+--------+--------+--------+--------+-----+--------+

Top non-repeatable levels by time:
     D:2: 1555 daAuts
     D:1: 1211 daAuts
     D:3: 27 daAuts
